 Dungeon Crawl Stone Soup version 0.29-a0-322-g68df515428 (webtiles) character file.

Game seed: 13365874071602428909

1116 experimilk the Cudgeller (level 8, -3/65 HPs)
             Began as a Palentonga Abyssal Knight on Apr 5, 2022.
             Was a Priest of Lugonu.
             Slain by a hornet (4 damage)
             ... on level 6 of the Dungeon.
             The game lasted 00:15:47 (5377 turns).

experimilk the Cudgeller (PaAK)                     Turns: 5377, Time: 00:15:47

Health: -3/65      AC: 18    Str: 18    XL:     8   Next: 12%
Magic:  4/11       EV:  8    Int: 12    God:    Lugonu [***...]
Gold:   190        SH:  0    Dex: 10    Spells: 7/7 levels left

rFire   . . .      SeeInvis +   m - +0 flail
rCold   + . .      Faith    .   (no shield)
rNeg    . . .      Spirit   .   d - +0 ring mail
rPois   .          Reflect  .   (no helmet)
rElec   .          Harm     .   (no cloak)
rCorr   .          Rampage  .   v - +0 pair of gloves
Will    .....                   (no barding)
Stlth   ..........              (no amulet)
HPRegen 0.20/turn               c - +4 ring of protection
MPRegen 0.12/turn               a - ring of protection from cold

@: curled up
A: large, rugged brown scales 3, see invisible, deformed body, roll 1, armoured
tail, reflexive curl
a: Rolling Charge, Renounce Religion, Depart the Abyss, Bend Space, Banish


You were on level 6 of the Dungeon.
You worshipped Lugonu.
Lugonu was most pleased with you.
You visited 1 branch of the dungeon, and saw 7 of its levels.
You visited the Abyss 1 time.

You collected 190 gold pieces.

Inventory:

Hand Weapons
 m - a +0 flail (weapon)
Missiles
 k - 8 poisoned darts
Armour
 d - a +0 ring mail (worn)
 v - a +0 pair of gloves (worn)
Jewellery
 a - a ring of protection from cold (right hand)
 c - a +4 ring of protection (left hand)
 s - an amulet of faith
 y - a ring of poison resistance
Wands
 q - a wand of mindburst (11)
 w - a wand of flame (21)
Scrolls
 b - 4 scrolls of identify {unknown}
 e - 2 scrolls of noise {unknown}
 g - a scroll of fog {unknown}
 h - 2 scrolls of fear {unknown}
 l - a scroll of silence {unknown}
 o - a scroll of torment {unknown}
 p - a scroll of vulnerability {unknown}
 r - a scroll of enchant weapon {unknown}
 u - 2 scrolls of teleportation {unknown}
 x - a scroll of blinking {unknown}
Potions
 i - a potion of mutation {unknown}
 j - 2 potions of curing {unknown}
 n - 2 potions of might {unknown}
 t - a potion of invisibility {unknown}


   Skills:
 + Level 4.6 Fighting
 * Level 7.8 Maces & Flails
 - Level 3.0 Armour
 - Level 0.7 Dodging
 + Level 4.2 Invocations


You had 7 spell levels left.
You didn't know any spells.
Your spell library contained the following spells:

 Spells                   Type           Power      Damage    Failure   Level
 Beastly Appendage        Tmut           0%         N/A       50%         1
 Wereblood                Tmut           0%         N/A       65%         2
 Spider Form              Tmut/Pois      0%         N/A       86%         3
 Passage of Golubria      Tloc           0%         N/A       99%         4
 Silence                  Hex/Air        0%         N/A       100%        5
 Lehudib's Crystal Spear  Conj/Erth      0%         10d2      100%        8


Dungeon Overview and Level Annotations

Branches:
Dungeon (7/15)
 Temple: D:4-7

Altars:

Annotations:
D:6 corrupted


Innate Abilities, Weirdness & Mutations

You are completely covered in rugged brown scales. (AC +3, +7% HP)
You have supernaturally acute eyesight. (SInv)
Armour fits poorly on your strangely shaped body.
You can roll at nearby foes to attack.
You have a long armoured tail.
You curl defensively after being hit. (AC +7*)


Message History

The yak closely misses you.
Activating: Corrupt (50% risk of failure)
Press: ? - help, Dir - look around, f - activate Lugonu's Hand of Corruption reaches out!
You can no longer corrupt the fabric of space.
The yak gores you! x2
* * * LOW HITPOINT WARNING * * *
You feel much better.
The Executioner hits the yak. x3
The yak gores you but does no damage.
The yak gores the Executioner.
The large abomination hits the yak!
The Executioner gestures.
The Executioner seems to speed up.
The large abomination hits the yak!!
The yak dies!
The revenant hits the yak!
The yak dies!
The Executioner hits you!! The Executioner closely misses you.
The Executioner hits you but does no damage.
The hornet stings you.
You feel yourself slow down.
The large abomination completely misses the hornet.
The cyan very ugly thing closely misses the hornet.
The large abomination closely misses the hornet.
You climb upwards.
You hear the hiss of flowing sand.
There is an entrance to an ossuary on this level.
Hurry and find it before the portal is buried!
You hear the hiss of a very distant avalanche of sand.
You feel yourself speed up. The yak gores you!
* * * LOW HITPOINT WARNING * * *
The yak gores you.
* * * LOW HITPOINT WARNING * * *
There is a stone staircase leading down here.
The yak gores you.
* * * LOW HITPOINT WARNING * * *
The orc wizard barely misses you. The yak closely misses you.
You climb downwards.
Level annotation: corrupted The Executioner hits the hornet.
The Executioner hits the hornet!
The Executioner closely misses the hornet.
The hornet stings you.
You die...

#..# #.########..###
#.......##....
#.......##..#########
##...........##.......
#...$.#W........######
#.#.$5###......######
#..y#oXX...#.........
#z1X@uY.#..##........
#X.Y##.#Z.#####......
#.W.....5. #......
##.h.....## #......
#..###### #...... ..#
#...... ### #######


You could see 2 yaks, a hornet, an orc wizard, a neutral cyan very ugly thing
(summoned, distracted), a neutral revenant (summoned, distracted), a neutral
Executioner (summoned, fast, distracted), a neutral shadow wraith (summoned,
invisible, distracted), 4 neutral large abominations, a neutral raiju (summoned,
distracted), a neutral wraith (summoned, distracted), a neutral iron imp
(summoned, distracted), a neutral quasit (summoned, distracted) and a neutral
naga warrior skeleton (summoned, distracted).

Vanquished Creatures
  Sigmund (D:2)
  An ice beast (D:5)
  2 sky beasts
  2 centaurs
  2 phantoms
  A bullfrog (D:7)
  A necrophage (D:6)
  4 gnolls (D:3)
  3 adders
  2 white imps
  An ufetubus (D:6)
  3 worms
  7 orcs
  6 endoplasms
  3 giant cockroaches
  7 goblins
  4 hobgoblins
  8 jackals
  2 quokkas
  6 ball pythons
  9 bats
  3 frilled lizards (D:1)
  6 kobolds
  6 rats
90 creatures vanquished.

Vanquished Creatures (others)
  2 yaks (D:6)
2 creatures vanquished.

Grand Total: 92 creatures vanquished

Notes
Turn   | Place    | Note
-------+----------+-------------------------------------------
     0 | Abyss:1  | experimilk the Palentonga Abyssal Knight began the quest
                  | for the Orb.
     0 | Abyss:1  | Reached XP level 1. HP: 19/19 MP: 2/2
    10 | D:1      | Escaped the Abyss
    87 | D:1      | Reached XP level 2. HP: 25/25 MP: 3/3
   203 | D:1      | Reached skill level 3 in Maces & Flails
   391 | D:1      | Reached *** piety under Lugonu
   461 | D:1      | Found a faded altar of an unknown god.
   685 | D:2      | Noticed Sigmund
  1334 | D:2      | Reached XP level 3. HP: 27/31 MP: 4/4
  1935 | D:2      | Reached skill level 4 in Maces & Flails
  2551 | D:2      | Killed Sigmund
  2552 | D:2      | Reached skill level 6 in Maces & Flails
  2552 | D:2      | Reached XP level 4. HP: 27/37 MP: 2/5
  2552 | D:2      | Reached XP level 5. HP: 31/43 MP: 2/6
  3049 | D:3      | Reached XP level 6. HP: 14/50 MP: 7/7
  4536 | D:4      | You fall into a shaft and drop 3 floors!
  4536 | D:7      | Noticed a sky beast
  4820 | D:7      | Gained mutation: You curl defensively after being hit. (AC
                  | +7*) [Palentonga growth]
  4820 | D:7      | Reached XP level 7. HP: 51/55 MP: 9/9
  4892 | D:7      | Noticed a cyclops
  4911 | D:6      | Reached skill level 7 in Maces & Flails
  5212 | D:6      | Noticed a hornet
  5222 | D:5      | Entered Level 5 of the Dungeon
  5231 | D:5      | Reached **** piety under Lugonu
  5240 | D:5      | Reached XP level 8. HP: 38/65 MP: 9/11
  5372 | D:6      | Corrupted D:6
  5372 | D:6      | Noticed a cyan very ugly thing
  5372 | D:6      | Noticed a revenant
  5372 | D:6      | Noticed a large abomination
  5372 | D:6      | Noticed a shadow wraith
  5372 | D:6      | Noticed an orange demon
  5372 | D:6      | Noticed an Executioner
  5372 | D:6      | Noticed a raiju
  5372 | D:6      | Noticed a large abomination
  5372 | D:6      | Noticed a large abomination
  5372 | D:6      | Noticed a large abomination
  5372 | D:6      | Noticed a balrug
  5376 | D:5      | HP: 1/65 [yak (3)]
  5377 | D:6      | Slain by a hornet

Illustrated notes

Levels and vault maps discovered:
D:1:      minmay_arrival_nine_rooms, layout_rooms,
          ebering_ecumenical_altar_hall, st_stairs_4
D:2:      layout_loops_corners, kennysheep_decorative_pillar,
          grunt_decor_fettered, kennysheep_generic_room_10, uniq_sigmund
D:3:      layout_basic
D:4:      layout_loops_cross
D:5:      layout_layer_cave, jmf_multi_god_temple2, enter_ossuary_3
D:6:      layout_rooms, minmay_temple_entry_oklob, serial_shops, shop,
          kennysheep_little_box, nicolae_shop_competitors_out_of_business,
          nicolae_shop_trees, hangedman_decor_points
D:7:      minmay_cornered_nines, layout_gridville,
          gammafunk_temple_overflow_claw

Skill      XL: |  1  2  3  4  5  6  7 |
---------------+----------------------+-----
Maces & Flails | 3 6 7 |  7.8
Armour         | 2 3 |  3.0
Invocations    | 3 4 |  4.2
Fighting       | 4 |  4.6
Dodging        | |  0.7

Action                   |  1- 3 |  4- 6 |  7- 9 || total
-------------------------+-------+-------+-------++-------
Melee: Mace              |   107 |       |       ||   107
       Tailslap          |     9 |    11 |     6 ||    26
       Flail             |    19 |   109 |    65 ||   193
       Punch             |     1 |       |     1 ||     2
Invok: Bend Space        |     7 |     1 |     6 ||    14
       Corrupt           |       |       |     1 ||     1
 Abil: Rolling Charge    |    36 |    20 |    15 ||    71
Evoke: Wand              |       |     1 |     3 ||     4
  Use: Potion            |       |       |     2 ||     2
Armor: Leather armour    |     7 |       |       ||     7
       Ring mail         |    75 |    56 |    41 ||   172
Dodge: Dodged            |    68 |    43 |    42 ||   153

Table legend: (Time is in decaauts)
 A = Elapsed time spent in this place.
 B = Non-inter-level travel time spent in this place.
 C = Inter-level travel time spent in this place.
 D = Time resting spent in this place.
 E = Time spent auto-exploring this place.
 F = Levels seen in this place.
 G = Mean time per level.
                   A        B        C        D        E       F      G
               +--------+--------+--------+--------+--------+-----+--------+
         Total |   5427 |   5306 |    121 |   2363 |   1179 |   8 |  678.4 |
       Dungeon |   5417 |   5296 |    121 |   2363 |   1179 |   7 |  773.9 |
         Abyss |     10 |     10 |      0 |      0 |      0 |   1 |   10.0 |
               +--------+--------+--------+--------+--------+-----+--------+

Top non-repeatable levels by time:
     D:2: 1801 daAuts
     D:3: 1192 daAuts
     D:1: 1166 daAuts
     D:4: 409 daAuts
     D:7: 368 daAuts
     D:6: 329 daAuts
     D:5: 149 daAuts
 Abyss:1: 10 daAuts
